 Dungeon Crawl Stone Soup version 0.31.0-4-g52a2dc7128 (webtiles) character file.

Game seed: 10223611587826789345

4103 Crownlay the Fighter (level 10, -3/84 HPs)
             Began as a Djinni Monk on Jan 22, 2024.
             Was a Follower of Ru.
             Slain by a killer bee (4 damage)
             ... on level 8 of the Dungeon.
             The game lasted 00:13:11 (8596 turns).

Crownlay the Fighter (Djinni Monk)                  Turns: 8596, Time: 00:13:11

Health: -3/84      AC: 10    Str: 10    XL:     10   Next: 50%
Gold:   329        EV: 10    Int: 16    God:    Ru [*.....] SH:  0 Dex: 19

rFire   + + .        B - +2 dagger (venom)
rCold   x . .        d - orb {light}
rNeg    . . .        I - +3 leather armour
rPois   ∞            D - +0 helmet of the Leaf {Dex+3}
rElec   .            (no cloak)
rCorr   +            m - +2 pair of gloves
SInv    .            (boots unavailable)
Will    ++...        (no amulet)
Stlth   +            v - ring of resist corrosion
HPRegen 0.34/turn    b - ring of willpower
MPRegen 0.00/turn

%: infuse magic (-4 HP)
@: weakened, flying, glowing
A: sickness immunity, fire resistance 2, cold vulnerability 1, inability to
train dodging, float, innate caster, HP casting, extra vitality 1
a: Renounce Religion


You were on level 8 of the Dungeon.
You worshipped Ru.
Ru was aware of your devotion.
You visited 2 branches of the dungeon, and saw 9 of its levels.
You also visited: Sewer.

You collected 329 gold pieces.

Inventory:

Hand Weapons
 i - a +2 dagger of draining
 B - a +2 dagger of venom (weapon)
Missiles
 F - a throwing net
Armour
 d - an orb of light (worn)
 m - a +2 pair of gloves (worn)
 w - a +1 robe of cold resistance
 C - a +0 helmet of see invisible
 D - the +0 helmet of the Leaf (worn) {Dex+3}
   (You found it in a sewer)

   Dex+3:     It affects your dexterity (+3).
 I - a +3 leather armour (worn)
Jewellery
 b - a ring of willpower (right hand)
 v - a ring of resist corrosion (left hand)
Wands
 a - a wand of polymorph (21)
 G - a wand of digging (6)
Scrolls
 g - 4 scrolls of vulnerability {unknown}
 h - 2 scrolls of revelation {unknown}
 j - 2 scrolls of enchant armour {unknown}
 l - 8 scrolls of teleportation {unknown}
 o - 4 scrolls of fog {unknown}
 p - 9 scrolls of identify {unknown}
 q - 4 scrolls of noise {unknown}
 s - a scroll of amnesia {unknown}
 t - a scroll of butterflies {unknown}
 u - a scroll of acquirement {unknown}
 x - 2 scrolls of torment {unknown}
 y - a scroll of brand weapon {unknown}
 z - a scroll of fear {unknown}
 H - a scroll of immolation {unknown}
Potions
 c - a potion of ambrosia
 e - a potion of brilliance {unknown}
 f - 3 potions of mutation {unknown}
 k - 6 potions of heal wounds {unknown}
 n - 4 potions of enlightenment {unknown}
 r - a potion of might {unknown}
 A - a potion of degeneration {unknown}
 E - a potion of resistance {unknown}


   Skills:
 * Level 12.2 Fighting
 - Level 2.6 Short Blades
 + Level 6.4 Spellcasting
 + Level 6.4 Conjurations
 + Level 6.4 Hexes
   Level 0.0 Charms
 + Level 6.4 Summonings
 + Level 6.4 Necromancy
 + Level 6.4 Translocations
   Level 0.0 Transmutations
 + Level 6.4 Fire Magic
 + Level 6.4 Ice Magic
 + Level 6.4 Air Magic
 + Level 6.4 Earth Magic
 + Level 6.4 Alchemy


You knew the following spells:

 Your Spells              Type           Power      Damage    Failure   Level
a - Freeze                Ice            100%       1d10      1%          1
b - Momentum Strike       Conj/Tloc      50%        3d9       1%          2
c - Lesser Beckoning      Tloc           50%        N/A       1%          2
d - Confusing Touch       Hex            25%        N/A       3%          3
Your spell library was empty.

Dungeon Overview and Level Annotations

Branches:
Dungeon (8/15)             Temple (1/1) D:6           Sewer (visited)
   Lair: D:8-11

Altars:
Ashenzari
Cheibriados
Dithmenos
Elyvilon
Fedhas
Gozag
Hepliaklqana
Makhleb
Nemelex Xobeh
Qazlal
Ru
Trog
Uskayaw
Wu Jian
Xom
Zin
The Shining One

Shops:
D:2 =

Annotations:
D:6 2 transporters, p0werm0de's ghost, novice BaSh


Innate Abilities, Weirdness & Mutations

You are immune to sickness and miasma.
You are immune to poison.
Your flesh is very heat resistant. (rF++)
You are vulnerable to cold. (rC-)
You cannot train Dodging skill.
You float through the air rather than walking.
You learn spells naturally, not from books.
Your magical power is your life essence.
You have superior vitality. (+4 MHP)


Message History

The gnoll closely misses you. The killer bee stings you!
The gnoll bouda gazes fiercely through you!
You feel as though you will be weak longer.
The killer bee attacks as it pursues you!
The killer bee closely misses you.
The killer bee stings you but does no damage.
The killer bee stings you.
You redirect the centaur's attack!
The centaur shoots an arrow.
The arrow hits the centaur.
A gnoll comes into view. It is wielding a +0 club.
The gnoll is no longer moving quickly.
The killer bee attacks as it pursues you!
The killer bee stings you. The killer bee closely misses you.
The gnoll attacks as it pursues you! The gnoll barely misses you.
The gnoll is no longer moving quickly.
The killer bee attacks as it pursues you!
The killer bee stings you!
* * * LOW HITPOINT WARNING * * *
The centaur shoots an arrow.
The arrow completely misses you. The killer bee stings you.
* * * LOW HITPOINT WARNING * * *
Found a scroll labelled YNUCZO HESACOL.
The centaur shoots an arrow.
The arrow closely misses you. The killer bee stings you.
* * * LOW HITPOINT WARNING * * *
The gnoll attacks as it pursues you! The gnoll hits you with a +0 whip.
* * * LOW HITPOINT WARNING * * *
The centaur shoots an arrow.
The arrow hits you.
* * * LOW HITPOINT WARNING * * *
The killer bee attacks as it pursues you!
The killer bee stings you but does no damage.
The centaur shoots an arrow.
The arrow hits you but does no damage. The killer bee closely misses you.
The centaur shoots an arrow.
The arrow completely misses you.
The killer bee stings you but does no damage.
The centaur shoots an arrow.
The arrow hits you.
* * * LOW HITPOINT WARNING * * *
Okay, then.
The killer bee stings you.
You die...

.......##...#.##
#?.##...##.##..#
#..#......g.>.#
##.........##.##
..........g..c..#
..........g.....###
#.##...gg........#
##.....y........###
.......@.......[.##
...##..<..........#
. #............##
#....#..........#
#...####....#####
#### ###..# ####


You could see a centaur, a gnoll bouda, a killer bee and 4 gnolls.

Vanquished Creatures
  A hornet (D:7)
  Grinder (D:4)
  Sigmund (D:6)
  A wyvern (D:7)
  Eustachio (D:6)
  A vampire mosquito (D:7)
  4 water moccasins
  Duvessa (D:4)
  2 ice beasts
  A black bear (D:6)
  3 ogres
  A phantom (D:7)
  A kobold brigand (Sewer)
  5 bullfrogs
  A scorpion (D:6)
  Dowan (D:4)
  4 killer bees (D:8)
  A howler monkey (D:5)
  A hound (D:5)
  2 quasits (Sewer)
  2 bombardier beetles
  A gnoll bouda (D:7)
  2 orc priests (D:7)
  3 sleepcaps
  9 iguanas
  Natasha (thrice) (D:4)
  6 orc wizards
  Robin (D:4)
  12 gnolls
  9 adders
  3 shadow imps (Sewer)
  A white imp (D:5)
  5 ufetubi (Sewer)
  A ribbon worm (D:2)
  20 orcs
  9 ball pythons
  9 bats
  9 endoplasms
  7 giant cockroaches
  16 goblins
  13 hobgoblins
  4 quokkas
  10 frilled lizards
  A giant cockroach zombie (Sewer)
  12 kobolds
  2 kobold zombies (Sewer)
  5 rats
209 creatures vanquished.

Vanquished Creatures (others)
  A vampire mosquito (D:7)
1 creature vanquished.

Grand Total: 210 creatures vanquished

Notes
Turn   | Place    | Note
-------+----------+-------------------------------------------
     0 | D:1      | Crownlay the Djinni Monk began the quest for the Orb.
     0 | D:1      | Reached XP level 1. HP: 20/20 MP: 0/0
   287 | D:1      | Reached XP level 2. HP: 25/25 MP: 0/0
   710 | D:2      | Found a faded altar of an unknown god.
   721 | D:2      | Reached XP level 3. HP: 29/30 MP: 0/0
   721 | D:2      | Learned a level 1 spell: Freeze
   790 | D:2      | Reached skill level 1 in Spellcasting
   790 | D:2      | Reached skill level 1 in Conjurations
   790 | D:2      | Reached skill level 1 in Hexes
   790 | D:2      | Reached skill level 1 in Summonings
   790 | D:2      | Reached skill level 1 in Necromancy
   790 | D:2      | Reached skill level 1 in Translocations
   790 | D:2      | Reached skill level 1 in Fire Magic
   790 | D:2      | Reached skill level 1 in Ice Magic
   790 | D:2      | Reached skill level 1 in Air Magic
   790 | D:2      | Reached skill level 1 in Earth Magic
   790 | D:2      | Reached skill level 1 in Alchemy
   872 | D:2      | Reached skill level 4 in Fighting
  1023 | D:2      | Reached XP level 4. HP: 37/37 MP: 0/0
  1123 | D:2      | Found Boschioch's Jewellery Boutique.
  1688 | D:3      | Reached XP level 5. HP: 35/42 MP: 0/0
  1688 | D:3      | Learned a level 2 spell: Momentum Strike
  1786 | D:3      | Noticed an ice beast
  1798 | D:3      | Killed an ice beast
  1799 | D:3      | Reached skill level 5 in Fighting
  1799 | D:3      | Reached XP level 6. HP: 49/49 MP: 0/0
  2022 | D:4      | Noticed Duvessa
  2022 | D:4      | Noticed Dowan
  2041 | D:4      | Killed Duvessa
  2042 | D:4      | Reached skill level 6 in Fighting
  2196 | D:4      | Killed Dowan
  2197 | D:4      | Reached XP level 7. HP: 52/56 MP: 0/0
  2197 | D:4      | Learned a level 2 spell: Lesser Beckoning
  2285 | D:4      | Noticed Grinder
  2315 | D:4      | Killed Grinder
  2316 | D:4      | Reached skill level 7 in Fighting
  2502 | D:4      | Reached XP level 8. HP: 32/64 MP: 0/0
  2678 | D:4      | Noticed Natasha
  2719 | D:4      | Killed Natasha
  2818 | D:4      | Found an ornate altar of the Wu Jian Council.
  3049 | D:4      | Noticed Robin
  3072 | D:4      | Killed Robin
  3149 | D:4      | Noticed Natasha
  3168 | D:4      | Killed Natasha
  3519 | D:4      | Noticed Natasha
  3525 | D:4      | Killed Natasha
  3555 | D:5      | Entered Level 5 of the Dungeon
  3811 | D:5      | Found a sparkling altar of Nemelex Xobeh.
  3825 | D:5      | Reached skill level 8 in Fighting
  3830 | D:5      | Found a glowing drain.
  3839 | Sewer    | Entered a sewer
  4038 | Sewer    | Found a burning altar of Makhleb.
  4175 | Sewer    | Identified the +0 helmet of the Leaf {Dex+3}
  4978 | D:5      | Reached skill level 9 in Fighting
  5032 | D:5      | Reached XP level 9. HP: 39/72 MP: 0/0
  5032 | D:5      | Learned a level 3 spell: Confusing Touch
  5171 | D:5      | Found a bloodstained altar of Trog.
  5708 | D:6      | Noticed Eustachio
  5726 | D:6      | Killed Eustachio
  5727 | D:6      | Reached skill level 10 in Fighting
  5727 | D:6      | Reached skill level 5 in Spellcasting
  5727 | D:6      | Reached skill level 5 in Conjurations
  5727 | D:6      | Reached skill level 5 in Hexes
  5727 | D:6      | Reached skill level 5 in Summonings
  5727 | D:6      | Reached skill level 5 in Necromancy
  5727 | D:6      | Reached skill level 5 in Translocations
  5727 | D:6      | Reached skill level 5 in Fire Magic
  5727 | D:6      | Reached skill level 5 in Ice Magic
  5727 | D:6      | Reached skill level 5 in Air Magic
  5727 | D:6      | Reached skill level 5 in Earth Magic
  5727 | D:6      | Reached skill level 5 in Alchemy
  5815 | D:6      | Found a staircase to the Ecumenical Temple.
  5828 | Temple   | Entered the Ecumenical Temple
  6010 | D:6      | Identified the +11 spear "Icleneg" {venom, Int-3 Dex+6
                  | Stlth+}
  6182 | D:6      | Found a transporter.
  6192 | D:6      | Found a transporter.
  6192 | D:6      | Noticed p0werm0de's ghost (novice BaSh)
  6372 | D:6      | Noticed Sigmund
  6382 | D:6      | Killed Sigmund
  6660 | D:7      | Reached skill level 11 in Fighting
  6660 | D:7      | Reached XP level 10. HP: 69/82 MP: 0/0
  6736 | D:7      | Found a sacrificial altar of Ru.
  6744 | D:7      | Became a worshipper of Ru the Awakened
  6749 | D:7      | Gained mutation: You cannot train Dodging skill. [Ru
                  | sacrifice]
  6749 | D:7      | Reached * piety under Ru
  6928 | D:7      | Found Ydiamide's Assorted Antiques.
  7840 | D:7      | Reached skill level 12 in Fighting
  8595 | D:8      | HP: 1/84 [centaur/arrow (6)]
  8596 | D:8      | Slain by a killer bee

Illustrated notes

Levels and vault maps discovered:
D:1:      sevenhm_arrival_forest_fort_large_4, layout_loops_ring
D:2:      layout_loops_ring, nicolae_ecumenical_pavilion, serial_shops, shop
D:3:      layout_basic, lemuel_doored_altar, minmay_quantized
D:4:      layout_basic, mainiacjoe_overflow_alcove_4, minmay_stone_trees_small,
          uniq_duvessa, uniq_natasha, uniq_grinder, uniq_robin
D:5:      layout_loops_ring, lightli_temple_of_fire,
          mainiacjoe_overflow_six_doors_small, portal_sewer_entry_b,
          st_stairs_10
D:6:      layout_loops_ring, kennysheep_little_box, minmay_temple_entry_grid,
          gammafunk_ghost_gnarly_gnolls, minmay_lizard_king, uniq_sigmund,
          uniq_eustachio
D:7:      layout_loops_corners, nicolae_ru_the_path_less_chosen, serial_shops,
          shop
D:8:      layout_cave_pools, mainiacjoe_overflow_small_starburst, serial_glass,
          glass_columns_a, glass_columns_b, st_stairs_5,
          kennysheep_small_spiral, dreamdust_gnoll_shepherd, uniq_gastronok
Temple:   dpeg_chambers_temple

Skill      XL: |  1  2  3  4  5  6  7  8  9 10 |
---------------+-------------------------------+-----
Spellcasting   | 1 2 3 4 5 6 |  6.4
Conjurations   | 1 2 3 4 5 6 |  6.4
Hexes          | 1 2 3 4 5 6 |  6.4
Summonings     | 1 2 3 4 5 6 |  6.4
Necromancy     | 1 2 3 4 5 6 |  6.4
Translocations | 1 2 3 4 5 6 |  6.4
Fire Magic     | 1 2 3 4 5 6 |  6.4
Ice Magic      | 1 2 3 4 5 6 |  6.4
Air Magic      | 1 2 3 4 5 6 |  6.4
Earth Magic    | 1 2 3 4 5 6 |  6.4
Alchemy        | 1 2 3 4 5 6 |  6.4
Fighting       | 4 5 6 7 9 11 12 | 12.2
Dodging        | 0 |  0.0
Short Blades   | |  2.6

Action                     |  1- 3 |  4- 6 |  7- 9 | 10-12 || total
---------------------------+-------+-------+-------+-------++-------
  Melee: Short sword       |    29 |       |       |       ||    29
         Dagger            |    45 |   111 |   542 |   198 ||   896
   Cast: Freeze            |     4 |     1 |     9 |     1 ||    15
         Momentum Strike   |       |     5 |     2 |     2 ||     9
         Lesser Beckoning  |       |       |     2 |       ||     2
 Invoke: Sacrifice Nimblen |       |       |       |     1 ||     1
 Armour: Robe              |    28 |    52 |   341 |    91 ||   512
         Leather armour    |       |       |       |    90 ||    90
  Dodge: Dodged            |    57 |    58 |   400 |   126 ||   641
